 Dungeon Crawl Stone Soup version 0.25-a0-578-gc91f01c39c (webtiles) character file.

Game seed: 12949145150840865049, levelgen mode: deterministic

13935 MisterFreud the Blocker (level 12, 0/79 HPs)
             Began as an Octopode Fighter on Mar 5, 2020.
             Was a High Priest of Cheibriados.
             Slain by a tengu reaver
             ... wielding a +3 morningstar of protection
              (4 damage)
             ... on level 12 of the Dungeon.
             The game lasted 00:20:10 (8696 turns).

MisterFreud the Blocker (Octopode Fighter)          Turns: 8696, Time: 00:20:10

Health: 0/79       AC:  3    Str: 30    XL:     12   Next: 11%
Magic:  8/17       EV: 22    Int: 28    God:    Cheibriados [*****.]
Gold:   626        SH: 15    Dex: 25    Spells: 11/11 levels left

rFire    . . .     SeeInvis +     - Unarmed
rCold    + . .     Gourm    .   a - +1 kite shield
rNeg     . . .     Faith    .   v - +2 hat
rPois    .         Spirit   .   o - amulet of regeneration
rElec    .         Reflect  .   z - ring of Xaohoim {rC+ Str+2 SInv}
rCorr    +         Harm     .   L - ring of resist corrosion
MR       .....                  (no ring)
Stlth    +++.......             (no ring)
HPRegen  0.63/turn              (no ring)
MPRegen  0.15/turn              (no ring)
                                (no ring)
                                (no ring)

@: about to teleport, very slow
A: almost no armour, stealthy swim, amphibious, 8 rings, constrict 8, camouflage
1, gelatinous body 1
a: Bend Time, Temporal Distortion, Slouch, Step From Time, Renounce Religion


You were on level 12 of the Dungeon.
You worshipped Cheibriados.
Cheibriados was extremely pleased with you.
You were not hungry.

You visited 2 branches of the dungeon, and saw 13 of its levels.

You collected 626 gold pieces.

Inventory:

Hand Weapons
 D - the +9 war axe of Qazlal's Castigation {freeze, Str+10}
   (You took it off a kobold on level 10 of the Dungeon)

   It has been specially enchanted to freeze those struck by it, causing extra
   injury to most foes and up to half again as much damage against particularly
   susceptible opponents.
   It can also slow down cold-blooded creatures.
   It affects your strength (+10).
 G - the +6 hand crossbow of Keraonah {venom, *Slow rN+ Int+3 Dex+3}
   (You found it on level 7 of the Dungeon)

   It poisons the ammo it fires.
   It affects your intelligence (+3).
   It affects your dexterity (+3).
   It protects you from negative energy.
   It may slow you when you take damage.
Missiles
 d - 258 stones (quivered)
 i - 42 poisoned darts
 l - 2 atropa-tipped darts
 q - 2 javelins
 s - 2 throwing nets
 u - 190 arrows
 B - 40 bolts
 C - 93 sling bullets
 J - 6 boomerangs
Armour
 a - a +1 kite shield (worn)
 v - a +2 hat (worn)
Jewellery
 o - an amulet of regeneration (around mantle)
 z - the ring of Xaohoim (left tentacle) {rC+ Str+2 SInv}
   (You found it on level 4 of the Dungeon)

   [ring of see invisible]

   It affects your strength (+2).
   It protects you from cold.
   It lets you see invisible.
 L - a ring of resist corrosion (right tentacle)
Wands
 n - a wand of iceblast (7)
 r - a wand of polymorph (9)
 N - a wand of flame (21)
Scrolls
 f - 2 scrolls of noise
 h - 4 scrolls of teleportation
 j - 4 scrolls of immolation
 w - 5 scrolls of remove curse
 y - 2 scrolls of enchant armour
 A - 2 scrolls of fog
 E - 4 scrolls of identify
Potions
 b - 2 potions of might
 e - 5 potions of brilliance
 g - 4 potions of haste
 k - 3 potions of lignification
 p - 6 potions of curing
 t - 2 potions of flight {unknown}
 x - 4 potions of degeneration {unknown}
 F - 3 potions of berserk rage {unknown}
 H - 3 potions of stabbing {unknown}
Miscellaneous
 I - a fan of gales
Comestibles
 c - 23 rations
 K - 10 chunks of flesh


   Skills:
 - Level 6.0 Fighting
 + Level 9.9 Dodging
 + Level 11.0 Shields
 + Level 9.9 Unarmed Combat
 + Level 7.7 Invocations


You had 11 spell levels left.
You didn't know any spells.
Your spell library contained the following spells:

 Spells                   Type           Power        Failure   Level  Hunger
 Animate Skeleton         Necr           N/A          19%         1    ##.....
 Apportation              Tloc           #.....       19%         1    ##.....
 Corona                   Hex            #......      19%         1    ##.....
 Magic Dart               Conj           #...         19%         1    ##.....
 Summon Small Mammal      Summ           #...         19%         1    ##.....
 Blink                    Tloc           N/A          28%         2    ###....
 Call Imp                 Summ           #.......     28%         2    ###....
 Ensorcelled Hibernation  Hex/Ice        #.....       28%         2    ###....
 Slow                     Hex            #.......     28%         2    ###....
 Confusing Touch          Hex            #.......     50%         3    ####...
 Conjure Flame            Conj/Fire      #.......     50%         3    ####...
 Dazzling Flash           Conj/Hex       #.....       50%         3    ####...
 Gell's Gravitas          Tloc           #.........   50%         3    ####...
 Mephitic Cloud           Conj/Pois/Air  #.......     50%         3    ####...
 Tukima's Dance           Hex            #.......     50%         3    ####...
 Petrify                  Tmut/Erth      #.......     88%         4    #####..
 Metabolic Englaciation   Hex/Ice        #.........   99%         5    ######.
 Yara's Violent Unravell  Hex/Tmut       #.........   99%         5    ######.


Dungeon Overview and Level Annotations

Branches:
Dungeon (12/15)            Temple (1/1) D:5            Lair (0/6) D:10
    Orc (0/2) D:11

Altars:
Ashenzari
Cheibriados
Gozag
Hepliaklqana
Kikubaaqudgha
Makhleb
Nemelex Xobeh
Okawaru
Qazlal
Sif Muna
Trog
Uskayaw
Vehumet
Wu Jian
Xom
Yredelemnul
Zin
The Shining One

Shops:
D:5 (

Annotations:
D:5 2 transporters, Killmatronix's ghost, amateur OpHu
D:8 1 runed translucent door, Sassenached's ghost, novice DsWn
D:10 2 runed translucent doors, exclusion: orange crystal statue


Innate Abilities, Weirdness & Mutations

You cannot wear most types of armour.
You are very stealthy in the water. (Stealth+)
You are amphibious.
You can wear up to eight rings at the same time.
You can use your tentacles to constrict eight enemies at once.
Your skin changes colour to match your surroundings (Stealth+).
Your rubbery body absorbs attacks. (AC +1, EV +1)


Message History

You constrict the tengu reaver, but do no damage.
Okay, then.
Unknown command.
The tengu reaver blocks your attack.
You squeeze the tengu reaver, but do no damage.
You constrict the tengu reaver.
The tengu reaver casts a spell.
The tengu reaver conjures a globe of magical energy!
The sphinx shouts!
A battlesphere comes into view.
As you read the scroll of teleportation, it crumbles to dust.
You feel strangely unstable.
You constrict the tengu reaver. You block the tengu reaver's attack.
The tengu reaver pecks you.
* * * LOW HITPOINT WARNING * * *
You block the tengu reaver's attack.
You release your grip on the tengu reaver.
The tengu reaver hits you with a +3 morningstar of protection!
* * * LOW HITPOINT WARNING * * *
The tengu reaver pecks you.
You die...

...........# #.##########.....)[.
...........# #.'..#..#.)#........
#..........###.#..'..'..#..######
#..........##..#######'##.+#.....
#.........<....#..' #).#........
#...........##.#.H# #..#........
#...........##.##*####'##.#......
...............#Q.+..'..#........
...............#@.#..#..#........
...............##########.......≈
#############.............####.≈.
#......######## #.≈. ########
#.≈. ##.. ###


You could see a sphinx, a tengu reaver and a battlesphere.

Vanquished Creatures
  Josephine (D:12)
  A yaktaur captain (D:12)
  A two-headed ogre (D:11)
  An unseen horror (D:10)
  Pikel (D:9)
  2 ugly things (D:12)
  Joseph (D:9)
  A centaur zombie (D:12)
  A gargoyle (D:9)
  A komodo dragon (D:10)
  An efreet (D:12)
  2 trolls
  2 hippogriffs
  A hornet (D:11)
  4 wraiths (D:12)
  A shadow (D:11)
  4 yaks (D:10)
  A human (D:10)
  2 hungry ghosts (D:12)
  A water moccasin (D:8)
  3 orc warriors
  4 black bears
  A slave (D:9)
  6 ice beasts
  3 phantoms
  An eye of draining (D:11)
  5 ogres
  3 sky beasts
  2 necrophages
  7 centaurs
  A crocodile (D:10)
  3 big kobolds
  5 bullfrogs
  A wyvern zombie (D:6)
  A wyvern skeleton (D:7)
  A scorpion (D:6)
  4 killer bees (D:11)
  9 wights
  5 howler monkeys
  4 crimson imps
  7 hounds
  6 orc priests
  2 centaur skeletons
  8 orc wizards
  2 bullfrog skeletons
  Jessica (D:3)
  5 iguanas
  4 worker ants
  A worker ant zombie (D:7)
  4 gnolls (D:3)
  12 adders
  2 howler monkey skeletons
  An ooze (D:4)
  An adder zombie (D:5)
  6 worms
  3 dart slugs
  4 leopard geckos
  38 orcs
  2 ball pythons
  3 giant cockroaches
  9 goblins
  3 hobgoblins
  12 jackals
  16 kobolds
  10 quokkas
  8 bats
  5 frilled lizards
  A jackal skeleton (D:4)
  A leopard gecko zombie (D:7)
  A quokka skeleton (D:6)
  5 rats
282 creatures vanquished.

Vanquished Creatures (others)
  3 slaves (D:9)
  A quokka zombie (D:9)
  A plant (D:10)
5 creatures vanquished.

Grand Total: 287 creatures vanquished

Notes
Turn   | Place    | Note
-------+----------+-------------------------------------------
     0 | D:1      | MisterFreud the Octopode Fighter began the quest for the
                  | Orb.
     0 | D:1      | Reached XP level 1. HP: 16/16 MP: 1/1
    82 | D:1      | Reached XP level 2. HP: 18/21 MP: 2/2
   732 | D:2      | Reached XP level 3. HP: 26/26 MP: 3/3
   788 | D:2      | Found a faded altar of an unknown god.
  1176 | D:2      | Reached XP level 4. HP: 22/31 MP: 4/4
  1748 | D:3      | Reached skill level 5 in Unarmed Combat
  1755 | D:3      | Reached XP level 5. HP: 36/36 MP: 5/5
  1818 | D:3      | Noticed a centaur
  1830 | D:3      | Killed a centaur
  1935 | D:3      | Noticed Jessica
  1941 | D:3      | Killed Jessica
  1941 | D:3      | Reached XP level 6. HP: 29/42 MP: 6/6
  2152 | D:3      | Reached skill level 5 in Dodging
  2306 | D:4      | Got a warped wooden ring
  2307 | D:4      | Identified the ring of Xaohoim {rC+ Str+2 SInv} (You found
                  | it on level 4 of the Dungeon)
  2380 | D:4      | Reached XP level 7. HP: 12/46 MP: 7/7
  2576 | D:4      | Reached skill level 4 in Shields
  2627 | D:4      | Found a shattered altar of Ashenzari.
  2668 | D:5      | Entered Level 5 of the Dungeon
  2668 | D:5      | Found a transporter.
  2668 | D:5      | Noticed Killmatronix's ghost (amateur OpHu)
  2766 | D:5      | Found a transporter.
  2804 | D:5      | Reached skill level 5 in Shields
  2826 | D:5      | Found Qeemamol's Weapon Shop.
  2845 | D:5      | Found a staircase to the Ecumenical Temple.
  2859 | Temple   | Entered the Ecumenical Temple
  2993 | Temple   | Became a worshipper of Cheibriados the Contemplative
  3176 | D:5      | Reached skill level 6 in Shields
  3176 | D:5      | Reached XP level 8. HP: 52/52 MP: 8/8
  3590 | D:6      | Reached skill level 7 in Shields
  3662 | D:6      | Found a glowing golden altar of the Shining One.
  3675 | D:6      | Reached * piety under Cheibriados
  3681 | D:6      | Reached skill level 8 in Shields
  3812 | D:6      | Found an iron altar of Okawaru.
  4040 | D:6      | Reached XP level 9. HP: 27/59 MP: 9/9
  4097 | D:6      | Reached skill level 5 in Fighting
  4345 | D:7      | Found the cursed +13 scythe of Curses {drain, *Curse}
  4461 | D:7      | Reached ** piety under Cheibriados
  4461 | D:7      | Reached skill level 1 in Invocations
  4546 | D:7      | Got a pitted hand crossbow
  4789 | D:7      | Reached skill level 5 in Invocations
  5255 | D:8      | Found a runed translucent door.
  5257 | D:8      | Found a shimmering altar of Xom.
  5257 | D:8      | Noticed Sassenached's ghost (novice DsWn)
  5259 | D:8      | Noticed a +2 whip of chaos
  5278 | D:8      | Reached *** piety under Cheibriados
  5553 | D:8      | Reached XP level 10. HP: 68/68 MP: 14/14
  6211 | D:9      | Noticed Pikel
  6222 | D:9      | Killed Pikel
  6243 | D:9      | Reached **** piety under Cheibriados
  6366 | D:9      | Noticed a gargoyle
  6377 | D:9      | Killed a gargoyle
  6419 | D:9      | Identified the +6 hand crossbow of Keraonah {venom, *Slow
                  | rN+ Int+3 Dex+3} (You found it on level 7 of the Dungeon)
  6459 | D:9      | Reached skill level 9 in Shields
  6478 | D:9      | Noticed Joseph
  6490 | D:9      | Killed Joseph
  6814 | D:10     | Entered Level 10 of the Dungeon
  6959 | D:10     | Noticed an unseen horror
  6995 | D:10     | Killed an unseen horror
  7028 | D:10     | Found a runed translucent door.
  7040 | D:10     | Found the +10 tower shield of Ignorance {rN+ Int-4}
  7045 | D:10     | Found a runed translucent door.
  7052 | D:10     | Noticed an orange crystal statue
  7095 | D:10     | Identified the +9 war axe of Qazlal's Castigation {freeze,
                  | Str+10}
  7114 | D:10     | Reached XP level 11. HP: 72/72 MP: 15/15
  7135 | D:10     | Reached ***** piety under Cheibriados
  7220 | D:10     | Reached skill level 10 in Shields
  7304 | D:10     | Found a staircase to the Lair.
  7752 | D:11     | Noticed a two-headed ogre
  7767 | D:11     | Killed a two-headed ogre
  8017 | D:11     | Found a shimmering altar of Xom.
  8170 | D:11     | Found a staircase to the Orcish Mines.
  8260 | D:12     | Noticed Josephine
  8296 | D:12     | Killed Josephine
  8394 | D:12     | Found a stormy altar of Qazlal.
  8434 | D:12     | Noticed a green ugly thing
  8446 | D:12     | Killed a green ugly thing
  8621 | D:12     | Found a runed translucent door.
  8622 | D:12     | Noticed a yaktaur captain
  8633 | D:12     | Killed a yaktaur captain
  8633 | D:12     | Reached skill level 11 in Shields
  8633 | D:12     | Reached XP level 12. HP: 65/79 MP: 17/17
  8674 | D:12     | Noticed a sphinx
  8674 | D:12     | Noticed a tengu reaver
  8683 | D:12     | HP: 2/79 [tengu reaver/+0 long sword (25)]
  8696 | D:12     | Slain by a tengu reaver

Levels and vault maps discovered:
D:1:      minmay_arrival_four_houses, layout_loops_ring
D:2:      layout_loops_cross, chequers_ecumenical_altar_lobes,
          minmay_misc_feat_tower, minmay_misc_feat_alley
D:3:      layout_loops_ring, uniq_jessica
D:4:      layout_basic, overflow_temple_1_default, first_ration,
          grunt_ministairs_15
D:5:      layout_gridville, minmay_temple_entry_ruins,
          gammafunk_ghost_stat_death, serial_shops, nicolae_shop_trees
D:6:      layout_basic, basic_altar, kennysheep_small_spiral, minivault_11,
          kennysheep_okawaru_gauntlet
D:7:      layout_cave_pods
D:8:      layout_cave_pods, ebering_ghost_xom
D:9:      layout_small_grid, uniq_pikel, uniq_joseph
D:10:     layout_irregular_city, david_lair_shrubbed, eino_tiny_chamber,
          grunt_pizzeria, chequers_guarded_unrand_ignorance
D:11:     layout_roguey, orc_0_dummy, basic_altar
D:12:     layout_stronghold, serial_shops, shop_fountains, serial_rivers,
          chequers_serial_rivers_small_3, chequers_serial_rivers_micro_c,
          chequers_serial_rivers_micro_c, chequers_serial_rivers_micro_c,
          basic_altar, minivault_13, uniq_josephine
Temple:   roderic_octagonal_lattice_temple

Skill      XL: |  1  2  3  4  5  6  7  8  9 10 11 |
---------------+----------------------------------+-----
Unarmed Combat | 3 4 5 6 8 9 |  9.9
Dodging        | 4 6 8 9 |  9.9
Shields        | 6 8 9 11 | 11.0
Fighting       | 4 6 |  6.0
Invocations    | 6 7 |  7.7

Action                   |  1- 3 |  4- 6 |  7- 9 | 10-12 || total
-------------------------+-------+-------+-------+-------++-------
Melee: Unarmed           |    81 |   105 |   356 |   302 ||   844
       Constrict         |    25 |    21 |    69 |    59 ||   174
       Tentacles         |    18 |    17 |    76 |   140 ||   251
       Punch             |     2 |     3 |    21 |    38 ||    64
Invok: Step From Time    |       |       |       |     1 ||     1
  Use: Scroll            |       |       |     2 |    17 ||    19
       Potion            |       |       |       |     5 ||     5
 Stab: Sleeping          |    10 |    10 |     5 |    14 ||    39
       Distracted        |       |     1 |       |       ||     1
  Eat: Chunk             |     1 |     4 |     8 |     4 ||    17
       Ration            |       |       |       |     1 ||     1
Armor: Skin              |     6 |     7 |    24 |     9 ||    46
Dodge: Dodged            |    32 |    34 |   152 |   141 ||   359
Block: Kite shield       |    20 |    39 |   194 |   198 ||   451

Table legend:
 A = Non-vault XP
 B = Vault XP
 C = Vault XP percentage of total XP
 D = Non-vault monster count
 E = Vault monster count
 F = Vault count percentage of total count
                 A         B        C        D         E       F
            +---------+---------+-------+---------+---------+-------
      Total |   14131 |    5777 |  29.0 |     265 |      16 |   5.7
            +---------+---------+-------+---------+---------+-------
        D:1 |      31 |       0 |   0.0 |      18 |       0 |   0.0
        D:2 |     107 |       0 |   0.0 |      24 |       0 |   0.0
        D:3 |     259 |      37 |  12.5 |      21 |       1 |   4.5
        D:4 |     416 |       0 |   0.0 |      15 |       0 |   0.0
        D:5 |     428 |       0 |   0.0 |      15 |       0 |   0.0
        D:6 |    1581 |       4 |   0.3 |      32 |       2 |   5.9
        D:7 |     961 |       0 |   0.0 |      28 |       0 |   0.0
        D:8 |     963 |       0 |   0.0 |      25 |       0 |   0.0
        D:9 |    1300 |    1109 |  46.0 |      18 |       2 |  10.0
       D:10 |    3172 |     556 |  14.9 |      29 |       2 |   6.5
       D:11 |    2395 |       0 |   0.0 |      17 |       0 |   0.0
       D:12 |    2518 |    4071 |  61.8 |      23 |       9 |  28.1
            +---------+---------+-------+---------+---------+-------
